 Dungeon Crawl Stone Soup version 0.32-a0-913-g739538afd8 (webtiles) character file.

Game seed: 4566367424280093211

3619 Biggs the Skirmisher (level 10, -5/74 HPs)
             Began as a Coglin Hunter on Apr 7, 2024.
             Was a Priest of Okawaru.
             Killed by divine providence
             ... invoked by an orc priest
              (11 damage)
             ... on level 8 of the Dungeon.
             The game lasted 00:11:49 (6998 turns).

Biggs the Skirmisher (Coglin Hunter)                Turns: 6998, Time: 00:11:50

Health: -5/74      AC:  9    Str: 11    XL:     10   Next: 11%
Magic:  10/10      EV: 16    Int: 10    God:    Okawaru [***...]
Gold:   262        SH:  0    Dex: 21    Spells: 9/9 levels left

rFire   . . .        a - +2 sling {Isabel}
rCold   . . .        d - +0 sling {Ajinder}
rNeg    . . .        c - +0 leather armour
rPois   +            (no helmet)
rElec   .            e - +2 cloak {rPois}
rCorr   .            o - +2 pair of gloves
SInv    .            (no boots)
Will    .....        (amulet unavailable)
Stlth   ++           (ring unavailable)
HPRegen 0.32/turn    (ring unavailable)
MPRegen 0.12/turn    (no gizmo)

%: no passive effects
@: revved
A: off-hand wielding, slow wielding, warmup strikes, no jewellery
a: Invent Gizmo, Renounce Religion, Heroism


You were on level 8 of the Dungeon.
You worshipped Okawaru.
Okawaru was most pleased with you.
You visited 2 branches of the dungeon, and saw 9 of its levels.

You collected 317 gold pieces.
You spent 55 gold pieces at shops.

Inventory:

Hand Weapons
 a - a +2 sling (weapon) {Isabel}
 d - a +0 sling (offhand) {Ajinder}
Missiles
 f - 3 throwing nets
Armour
 c - a +0 leather armour (worn)
 e - a +2 cloak of poison resistance (worn)
 o - a +2 pair of gloves (worn)
Wands
 s - a wand of polymorph (8)
 x - a wand of flame (25)
Scrolls
 b - a scroll of butterflies
 g - a scroll of blinking
 h - 2 scrolls of fear
 k - 4 scrolls of teleportation
 n - a scroll of vulnerability {unknown}
 p - a scroll of brand weapon {unknown}
 q - 2 scrolls of fog
 t - 2 scrolls of noise
 v - a scroll of amnesia {unknown}
Potions
 i - 4 potions of curing {unknown}
 j - a potion of lignification {unknown}
 l - 5 potions of degeneration {unknown}
 m - 2 potions of haste {unknown}
 r - 3 potions of heal wounds
 u - a potion of invisibility {unknown}
 w - a potion of resistance {unknown}
 z - 2 potions of brilliance {unknown}


   Skills:
 - Level 5.0 Fighting
 + Level 10.3 Ranged Weapons
 - Level 7.9 Dodging
 - Level 0.7 Stealth


You had 9 spell levels left.
You didn't know any spells.
Your spell library contained the following spells:

 Spells                   Type           Power      Damage    Failure   Level
 Apportation              Tloc           0%         N/A       45%         1
 Magic Dart               Conj           0%         1d3       45%         1
 Necrotise                Necr           0%         1d4       45%         1
 Shock                    Conj/Air       0%         1d3       45%         1
 Sting                    Conj/Alch      0%         1d3       45%         1
 Searing Ray              Conj           0%         2d4       58%         2
 Volatile Blastmotes      Fire/Tloc      0%         2d10      83%         3
 Fulminant Prism          Conj/Alch      0%         3d5       99%         4
 Iskenderun's Mystic Bla Conj/Tloc 0%             2d3        (+2d1     99%         4
 Summon Small Mammal      Summ           Unusable   N/A       N/A         1

Dungeon Overview and Level Annotations

Branches:
Dungeon (8/15)             Temple (1/1) D:5
   Lair: D:8-11

Altars:
Cheibriados
Dithmenos
Elyvilon
Fedhas
Gozag
Hepliaklqana
Okawaru
Sif Muna
Trog
Uskayaw
Vehumet
Wu Jian
Xom
Yredelemnul
The Shining One

Shops:
D:3 !


Innate Abilities, Weirdness & Mutations

You can wield a second weapon in your off-hand.
It takes a long time for you to wield or remove held weapons.
Your first few attacks do less damage.
You cannot equip rings or amulets.


Message History

The orc warrior is almost dead.
You shoot a sling bullet.
The sling bullet barely misses the orc warrior.
An orc comes into view. It is wielding a +0 flail.
The orc warrior barely misses you.
An ice beast comes into view.
You shoot a sling bullet.
The sling bullet hits the orc warrior but does no damage.
The orc warrior is almost dead.
You shoot a sling bullet.
The sling bullet hits the orc warrior but does no damage.
The orc warrior is almost dead.
The orc priest mumbles some strange prayers to Beogh against you.
Pain shoots through your body!
* * * LOW HITPOINT WARNING * * *
The orc warrior closely misses you.
Unknown command.
Unknown command.
You shoot a sling bullet. The sling bullet hits the orc warrior.
The orc warrior is almost dead.
You shoot a sling bullet.
The sling bullet closely misses the orc warrior.
You hear a shout!
The orc wizard gestures wildly while chanting.
The orc wizard flickers and vanishes!
Deactivating autopickup; reactivate with Ctrl-A.
The orc priest calls down the wrath of Beogh upon you.
Pain shoots through your body!
* * * LOW HITPOINT WARNING * * *
An orc comes into view. It is wielding a +0 war axe.
The orc warrior misses you.
You hear a shout!
You shoot a sling bullet.
The sling bullet barely misses the orc warrior.
You shoot a sling bullet.
The sling bullet hits the orc warrior but does no damage.
The orc warrior is almost dead.
The orc priest invokes the aid of Beogh against you.
Beogh smites you!
You die...

# .........†...#...
##...............#. #
###........#..>..#.. .
.......##..#..#.# .#
#.o### ##.......
.###..#..###..######Y...
..##.....##.......o.....
................?...#
##.........##..o@o#
###..._...####..#####..
##.........##..........
...............#####...
..##.....##.....##
.###..#..###.....#
.##..###..##.##......
.....###.....# ......
......#..##### ...#...


You could see an orc warrior, an ice beast, an orc priest and 2 orcs.

Vanquished Creatures
  Jeremiah (D:6)
  Sigmund (D:6)
  2 vampire mosquitoes (D:8)
  2 sky beasts
  An orc warrior (D:8)
  3 black bears
  An ice beast (D:7)
  2 ogres (D:6)
  2 phantoms (D:5)
  A kobold brigand (D:7)
  4 bullfrogs
  A gnoll sergeant (D:7)
  2 scorpions
  5 wights (D:6)
  3 killer bees (D:8)
  5 howler monkeys
  2 jellies
  7 hounds
  A bombardier beetle (D:5)
  An orc priest (D:7)
  2 gnoll boudas
  Jessica (D:3)
  2 iguanas (D:6)
  3 orc wizards
  21 gnolls
  5 adders
  4 ufetubi (D:5)
  2 ribbon worms
  15 orcs
  3 bats
  6 endoplasms
  5 giant cockroaches
  7 goblins
  5 hobgoblins
  8 kobolds
  7 quokkas
  8 ball pythons
  5 frilled lizards
  6 rats
162 creatures vanquished.

Vanquished Creatures (others)
  An orc wizard (D:8)
1 creature vanquished.

Grand Total: 163 creatures vanquished

Notes
Turn   | Place    | Note
-------+----------+-------------------------------------------
     0 | D:1      | Biggs the Coglin Hunter began the quest for the Orb.
     0 | D:1      | Reached XP level 1. HP: 16/16 MP: 1/1
   137 | D:1      | Reached skill level 4 in Ranged Weapons
   137 | D:1      | Reached XP level 2. HP: 22/22 MP: 2/2
   926 | D:2      | Reached XP level 3. HP: 27/27 MP: 3/3
  1161 | D:2      | Reached skill level 5 in Ranged Weapons
  1189 | D:2      | Reached XP level 4. HP: 33/33 MP: 4/4
  1856 | D:3      | Found Xehyur's Distillery.
  1865 | D:3      | Bought a potion of heal wounds for 55 gold pieces
  1992 | D:3      | Noticed Jessica
  1998 | D:3      | Killed Jessica
  1999 | D:3      | Found a shimmering blue altar of Sif Muna.
  2006 | D:3      | Got Sif Muna's Atlas of Conjury
  2011 | D:3      | Found a bloodstained altar of Trog.
  2188 | D:4      | Reached XP level 5. HP: 38/38 MP: 5/5
  2278 | D:4      | Reached skill level 6 in Ranged Weapons
  2505 | D:4      | Reached XP level 6. HP: 43/44 MP: 6/6
  2800 | D:5      | Entered Level 5 of the Dungeon
  2871 | D:5      | Reached skill level 7 in Ranged Weapons
  2992 | D:5      | Noticed a black bear
  2997 | D:5      | Killed a black bear
  2998 | D:5      | Reached XP level 7. HP: 50/50 MP: 7/7
  3057 | D:5      | Found a staircase to the Ecumenical Temple.
  3105 | Temple   | Entered the Ecumenical Temple
  3111 | Temple   | Became a worshipper of Warmaster Okawaru
  3187 | D:5      | Reached skill level 8 in Ranged Weapons
  3291 | D:5      | Found a blossoming altar of Fedhas.
  3674 | D:5      | Found a shimmering altar of Xom.
  3907 | D:5      | Found a glowing golden altar of the Shining One.
  3970 | D:6      | Reached skill level 9 in Ranged Weapons
  3970 | D:6      | Reached XP level 8. HP: 53/56 MP: 8/8
  4253 | D:6      | Noticed Jeremiah
  4481 | D:6      | Noticed Sigmund
  4488 | D:6      | Killed Sigmund
  4488 | D:6      | Reached * piety under Okawaru
  4586 | D:6      | Reached skill level 5 in Fighting
  5249 | D:6      | Killed Jeremiah
  5249 | D:6      | Reached ** piety under Okawaru
  5250 | D:6      | Reached skill level 5 in Dodging
  5250 | D:6      | Reached XP level 9. HP: 34/68 MP: 9/9
  6504 | D:7      | Found an opulent altar of Gozag.
  6629 | D:8      | Reached *** piety under Okawaru
  6723 | D:8      | Reached XP level 10. HP: 74/74 MP: 10/10
  6742 | D:8      | Reached skill level 10 in Ranged Weapons
  6959 | D:8      | Found a shadowy altar of Dithmenos.
  6998 | D:8      | Killed from afar by an orc priest

Illustrated notes

Levels and vault maps discovered:
D:1:      mrwooster_arrival_statue, layout_basic, minmay_crystal_room,
          supply_closet_lemuel
D:2:      layout_loops_ring
D:3:      layout_loops_ring, nzn_overflow_gifts_of_might_and_magic,
          serial_shops, nicolae_shop_competitors_out_of_business
D:4:      layout_basic
D:5:      layout_loops_cross, fedhas_ov_isle_minmay, mainiacjoe_overflow_paths,
          tso_oasis_becter, temple_hall
D:6:      layout_gridville, minmay_misc_feat_plants, minmay_misc_feat_chi,
          feat_on_display, uniq_jeremiah, uniq_sigmund
D:7:      layout_gridville, kennysheep_little_box, chequers_jeans
D:8:      layout_rooms, nicolae_dithmenos_shadow_blocks,
          nicolae_overflow_hidden_temple, moated_statue
Temple:   hellmonk_temple_two_chambers

Skill      XL: |  1  2  3  4  5  6  7  8  9 10 |
---------------+-------------------------------+-----
Ranged Weapons | 4 5 6 7 9 10 | 10.3
Fighting       | 5 |  5.0
Dodging        | 5 7 |  7.9
Stealth        | |  0.7

Action                     |  1- 3 |  4- 6 |  7- 9 | 10-12 || total
---------------------------+-------+-------+-------+-------++-------
  Melee: Sling             |       |       |     2 |     6 ||     8
   Fire: Sling             |   108 |   228 |   752 |    98 ||  1186
    Use: Scroll            |       |       |     8 |       ||     8
 Armour: Leather armour    |     2 |    30 |   111 |    20 ||   163
  Dodge: Dodged            |     2 |    23 |   110 |    23 ||   158

Table legend: (Time is in decaauts)
 A = Elapsed time spent in this place.
 B = Non-inter-level travel time spent in this place.
 C = Inter-level travel time spent in this place.
 D = Time resting spent in this place.
 E = Time spent auto-exploring this place.
 F = Levels seen in this place.
 G = Mean time per level.
                   A        B        C        D        E       F      G
               +--------+--------+--------+--------+--------+-----+--------+
         Total |   7032 |   6632 |    400 |    433 |   5178 |   9 |  781.3 |
       Dungeon |   7019 |   6629 |    390 |    433 |   5178 |   8 |  877.4 |
        Temple |     12 |      2 |     10 |      0 |      0 |   1 |   12.0 |
               +--------+--------+--------+--------+--------+-----+--------+

Top non-repeatable levels by time:
     D:6: 1500 daAuts
     D:5: 1470 daAuts
     D:1: 929 daAuts
     D:7: 822 daAuts
     D:4: 658 daAuts
     D:2: 645 daAuts
     D:3: 590 daAuts
     D:8: 401 daAuts
  Temple: 12 daAuts
